 Dungeon Crawl Stone Soup version 0.22.1-1-ga44c0e5 (webtiles) character file.

1389 n0claF the Thaumaturge (level 8, -14/41 HPs)
             Began as a Deep Elf Fire Elementalist on Sept 21, 2018.
             Demolished by Prince Ribbit (15 damage)
             ... on level 6 of the Dungeon.
             The game lasted 00:21:50 (6807 turns).

n0claF the Thaumaturge (Deep Elf Fire Elementalist) Turns: 6807, Time: 00:21:50

Health: -14/41     AC:  5    Str:  5      XL:     8   Next: 40%
Magic:  18/22      EV: 15    Int: 23      God:
Gold:   39         SH:  0    Dex: 13 (15) Spells: 14/23 levels left

rFire    + . .     SeeInvis .   c - +2 falchion (elec)
rCold    x . .     Gourm    .   (no shield)
rNeg     . . .     Faith    .   a - +0 robe
rPois    .         Spirit   .   (no helmet)
rElec    .         Reflect  .   (no cloak)
rCorr    .         Harm     .   (no gloves)
MR       .....                  v - +0 pair of boots
Stlth    ++........             (no amulet)
HPRegen  0.13/turn              h - +2 ring of protection
MPRegen  0.18/turn              p - ring of fire

@: very slightly contaminated
A: no striking features
a: no special abilities


You were on level 6 of the Dungeon.
You were not hungry.

You visited 1 branch of the dungeon, and saw 6 of its levels.

You collected 280 gold pieces.
You spent 241 gold pieces at shops.

Inventory:

Hand Weapons
 c - a +2 falchion of electrocution (weapon)
   (You took it off an orc on level 4 of the Dungeon)
Missiles
 m - a throwing net (quivered) {!f}
Armour
 a - a +0 robe (worn)
 v - a +0 pair of boots (worn)
   (You found it on level 4 of the Dungeon)
Jewellery
 h - a +2 ring of protection (left hand)
   (You found it on level 1 of the Dungeon)
 p - a ring of fire (right hand)
   (You found it on level 2 of the Dungeon)
Wands
 d - a wand of iceblast (8)
   (You found it on level 5 of the Dungeon)
 u - a wand of paralysis (9)
   (You found it on level 5 of the Dungeon)
Scrolls
 b - 3 scrolls of remove curse {@r2}
 f - 2 scrolls of amnesia
 j - a scroll of teleportation {@r4}
 k - a scroll of magic mapping
 n - a scroll of blinking
 o - 5 scrolls of identify {@r1}
 t - a scroll of immolation {unknown}
 x - a scroll of fog {unknown}
Potions
 g - a potion of ambrosia
 i - 2 potions of agility
 l - 2 potions of degeneration {!q!d}
 q - 5 potions of might
 r - 2 potions of heal wounds {@q2}
 s - 2 potions of curing {@q1}
Comestibles
 e - 10 rations {!d}


   Skills:
 + Level 5.5 Dodging
 - Level 2.4 Stealth
 * Level 8.4 Spellcasting
 + Level 4.5 Conjurations
 * Level 7.3 Fire Magic


You had 14 spell levels left.
You knew the following spells:

 Your Spells              Type           Power        Failure   Level  Hunger
a - Flame Tongue          Conj/Fire      #####        1%          1    None
d - Conjure Flame         Conj/Fire      ######..     1%          3    None
x - Fireball              Conj/Fire      ######....   16%         5    #####..

Your spell library contained the following spells:

 Spells                   Type           Power        Failure   Level  Hunger
 Throw Flame              Conj/Fire      ######       1%          2    None
 Inner Flame              Hex/Fire       #####...     4%          3    None
 Sticky Flame             Conj/Fire      ######..     6%          4    ##.....
 Infusion                 Chrm           #...         7%          1    None
 Shroud of Golubria       Chrm/Tloc      #.........   10%         2    None
 Song of Slaying          Chrm           #.......     10%         2    None
 Regeneration             Chrm/Necr      #.........   21%         3    None
 Spectral Weapon          Hex/Chrm       #.......     21%         3    None


Dungeon Overview and Level Annotations

Branches:
Dungeon (6/15)
 Temple: D:4-7

Altars:
Makhleb
Nemelex Xobeh
Ru
Sif Muna
Trog
Wu Jian
The Shining One

Shops:
D:4 (   D:5 *?!?!

Annotations:
D:6 Prince Ribbit


Message History

The hound skeleton bites you but does no damage.
The hound skeleton misses you. The hound skeleton bites you.
The hound skeleton barely misses you.
The hound skeleton bites you but does no damage.
Aim: a hound skeleton You feel a surge of power!
The flame tongue hits the hound skeleton.
The hound skeleton barely misses you.
Aim: a hound skeleton (lightly damaged)
You feel a surge of power!
The flame tongue hits the hound skeleton.
The hound skeleton closely misses you. x2
Aim: a hound skeleton (moderately damaged)
You feel a surge of power!
The flame tongue hits the hound skeleton.
The hound skeleton barely misses you.
Aim: a hound skeleton (severely damaged)
You feel a surge of power!
The flame tongue hits the hound skeleton.
The hound skeleton bites you.
Aim: a hound skeleton (almost destroyed)
You feel a surge of power!
The flame tongue hits the hound skeleton.
You destroy the hound skeleton!
You start resting.
You are feeling very hungry.
You start resting.
You start resting.
You eat one of the 11 rations {!d}.
That ration really hit the spot!
Prince Ribbit gives a loud, deep croak!
Prince Ribbit blinks!
Prince Ribbit hits you.
You open the door. Prince Ribbit hits you! Prince Ribbit hits you!
* * * LOW HITPOINT WARNING * * *
Prince Ribbit blinks!
There is an open door here.
There is an open door here.
You feel a surge of power!
You miscast Conjure Flame.
You are very lightly contaminated with residual magic.
Sparks fly from your hands!
Prince Ribbit says, "You're just another fly to me."
Aim: Prince Ribbit You feel a surge of power!
The flame tongue hits Prince Ribbit.
Prince Ribbit hits you!
* * * LOW HITPOINT WARNING * * *
Prince Ribbit hits you!
You die...

....#.......... ...##..........
####......##### ...#......'...#
...#......#...#
...+......#...########
.###......###'##.....#####+####
.#.............#.....#........#
.#.............F@....#........#
.#.............#######......>.#
.#...............F............#
.#............................#
.#....................###.....#
.'....................'....F..##
.#....................#........#
##....................#........#
....########+##########......#.#


You could see Prince Ribbit.

Vanquished Creatures
  A yak (D:6)
  2 ice beasts (D:5)
  2 phantoms (D:5)
  An ogre (D:5)
  2 scorpions
  3 wights (D:6)
  A howler monkey (D:5)
  A crimson imp (D:6)
  A bullfrog zombie (D:5)
  A quasit (D:6)
  An orc priest (D:4)
  A gnoll shaman (D:4)
  An iguana (D:6)
  2 worker ants (D:4)
  2 hound skeletons
  A howler monkey zombie (D:6)
  8 gnolls
  A howler monkey skeleton (D:4)
  7 adders
  A shadow imp (D:5)
  An ooze (D:3)
  4 leopard geckos
  11 orcs
  2 giant cockroaches
  11 hobgoblins
  7 jackals (D:2)
  3 quokkas
  10 bats
  7 frilled lizards
  7 goblins
  4 kobolds
  A leopard gecko skeleton (D:5)
  6 rats
114 creatures vanquished.

Notes
Turn   | Place    | Note
-------+----------+-------------------------------------------
     0 | D:1      | n0claF the Deep Elf Fire Elementalist began the quest for
                  | the Orb.
     0 | D:1      | Reached XP level 1. HP: 10/10 MP: 6/6
   211 | D:1      | Reached XP level 2. HP: 15/15 MP: 2/8
  1118 | D:2      | Reached XP level 3. HP: 19/19 MP: 8/10
  1123 | D:2      | Learned a level 3 spell: Conjure Flame
  1280 | D:2      | Reached skill level 4 in Spellcasting
  1292 | D:2      | Reached XP level 4. HP: 24/24 MP: 0/12
  2315 | D:2      | Found an ornate altar of the Wu Jian Council.
  2844 | D:3      | Found a deep blue altar of Sif Muna.
  3238 | D:4      | Found a sacrificial altar of Ru.
  3245 | D:4      | Reached XP level 5. HP: 28/28 MP: 10/14
  3248 | D:4      | Reached skill level 5 in Spellcasting
  3435 | D:4      | Found a burning altar of Makhleb.
  3851 | D:4      | Reached skill level 5 in Fire Magic
  3976 | D:4      | Reached XP level 6. HP: 27/32 MP: 6/16
  4463 | D:4      | Found Nunyliurgh's Antique Weapon Shop.
  4569 | D:5      | Entered Level 5 of the Dungeon
  4579 | D:5      | Reached skill level 6 in Spellcasting
  4649 | D:5      | Found Kaosu's General Store.
  4691 | D:5      | Bought a potion of might for 52 gold pieces
  4709 | D:5      | Reached XP level 7. HP: 36/36 MP: 11/18
  4834 | D:5      | Found Pynluicw's Magic Scroll Boutique.
  4847 | D:5      | Bought a scroll of blinking for 105 gold pieces
  4847 | D:5      | Bought 3 scrolls of identify for 84 gold pieces
  5063 | D:5      | Found Buawk's Distillery.
  5173 | D:5      | Reached skill level 7 in Spellcasting
  5192 | D:5      | Found Eriuhiss's Magic Scroll Emporium.
  5345 | D:5      | Learned a level 3 spell: Conjure Flame
  5351 | D:5      | Learned a level 5 spell: Fireball
  5442 | D:5      | Found a bloodstained altar of Trog.
  5517 | D:5      | Found Kuelonen's Distillery.
  5707 | D:6      | Reached skill level 5 in Dodging
  5841 | D:6      | Reached XP level 8. HP: 35/41 MP: 21/21
  5911 | D:6      | Reached skill level 8 in Spellcasting
  5939 | D:6      | HP: 2/41 [yak (4)]
  6251 | D:6      | Found a sparkling altar of Nemelex Xobeh.
  6695 | D:6      | Found a glowing golden altar of the Shining One.
  6713 | D:6      | Noticed Prince Ribbit
  6807 | D:6      | HP: 1/41 [Prince Ribbit (10)]
  6807 | D:6      | Demolished by Prince Ribbit

Skill      XL: |  1  2  3  4  5  6  7  8 |
---------------+-------------------------+-----
Dodging        | 3 4 5 |  5.5
Spellcasting   | 4 5 6 7 8 |  8.4
Fire Magic     | 4 5 6 7 |  7.3
Conjurations   | 2 3 4 |  4.5
Stealth        | |  2.4

Action                   |  1- 3 |  4- 6 |  7- 9 || total
-------------------------+-------+-------+-------++-------
Melee: Unarmed           |     1 |       |       ||     1
       Falchion          |       |       |    22 ||    22
Throw: Throwing net      |       |     1 |       ||     1
 Cast: Flame Tongue      |    59 |   170 |    87 ||   316
       Conjure Flame     |     1 |     6 |     1 ||     8
  Use: Scroll            |       |    10 |     1 ||    11
       Potion            |       |       |     1 ||     1
  Eat: Chunk             |     1 |     7 |     2 ||    10
       Ration            |       |     1 |     2 ||     3
Armor: Robe              |     5 |    10 |    16 ||    31
Dodge: Dodged            |    14 |    41 |    53 ||   108
       Rpst.: Falchion   |       |     9 |     9 ||    18
